 Dungeon Crawl Stone Soup version 0.27.1-2-g3b301248ec (webtiles) character file.

Game seed: 6951955872261171897

10 vvl the Insei (level 2, 0/21 HPs)
             Began as a Merfolk Transmuter on Sept 27, 2021.
             Slain by a ball python (1 damage)
             ... on level 1 of the Dungeon.
             The game lasted 00:01:26 (315 turns).

vvl the Insei (Merfolk Transmuter)                   Turns: 315, Time: 00:01:27

Health: 0/21       AC:  2    Str: 10    XL:     2   Next: 20%
Magic:  4/5        EV:  9    Int: 12    God:
Gold:   0          SH:  0    Dex: 14    Spells: 4/5 levels left

rFire    . . .     SeeInvis .     - Unarmed
rCold    . . .     Faith    .   (no shield)
rNeg     . . .     Spirit   .   a - +0 robe
rPois    .         Reflect  .   (helmet currently unavailable)
rElec    .         Harm     .   (no cloak)
rCorr    .         Rampage  .   (no gloves)
Will     .....                  (boots currently unavailable)
Stlth    +.........             (no amulet)
HPRegen  0.07/turn              (no ring)
MPRegen  0.09/turn              (no ring)

@: appendages (expiring), constricted
A: horns 2, (nimble swimmer 2), mertail
a: End Transformation


You were on level 1 of the Dungeon.
You had temporarily grown beastly horns.
You visited 1 branch of the dungeon, and saw 1 of its levels.

Inventory:

Armour
 a - a +0 robe (worn)
Scrolls
 b - a scroll of identify {unknown}
 c - a scroll of teleportation {unknown}


   Skills:
 + Level 1.3 Fighting
 * Level 1.2 Polearms
 + Level 2.8 Dodging
 + Level 3.3 Unarmed Combat
 + Level 2.0 Spellcasting
 * Level 3.1 Transmutations


You had 4 spell levels left.
You knew the following spells:

 Your Spells              Type           Power      Damage    Failure   Level
a - Beastly Appendage     Tmut           16%        N/A       8%          1

Your spell library contained the following spells:

 Spells                   Type           Power      Damage    Failure   Level
 Wereblood                Tmut           8%         N/A       12%         2
 Spider Form              Tmut/Pois      2%         N/A       41%         3
 Ice Form                 Ice/Tmut       4%         N/A       82%         4


Dungeon Overview and Level Annotations

Branches:
Dungeon (1/15)

Altars:


Innate Abilities, Weirdness & Mutations

You have temporarily grown beastly horns.
((You are quick and stealthy near water. (Stealth+, EV+, Speed+++)))
Your lower body shifts to a powerful aquatic tail in water.


Message History

The hobgoblin is severely wounded.
A ball python comes into view.
The hobgoblin misses you.
The hobgoblin hits you but does no damage.
You closely miss the hobgoblin.
The hobgoblin is severely wounded.
Your horns disappear.
The ball python hisses angrily.
The hobgoblin hits you but does no damage.
The hobgoblin misses you.
You hit the hobgoblin but do no damage.
The hobgoblin is severely wounded.
The hobgoblin misses you. The hobgoblin closely misses you.
You barely miss the hobgoblin.
The hobgoblin is severely wounded.
The hobgoblin closely misses you. The hobgoblin barely misses you.
You hit the hobgoblin but do no damage.
The hobgoblin is severely wounded.
The hobgoblin hits you. The hobgoblin misses you.
You hit the hobgoblin.
You kill the hobgoblin!
The ball python barely misses you. The ball python grabs you.
The ball python constricts you. The hobgoblin hits you.
You barely miss the ball python. The ball python bites you.
The ball python constricts you. The hobgoblin hits you.
* * * LOW HITPOINT WARNING * * *
You are too injured to fight recklessly!
You are too injured to fight recklessly!
Casting: Beastly Appendage (safe; 8% risk of failure)
Confirm with . or Enter, or press ? or * to list all spells.
You grow a pair of large bovine horns.
The ball python bites you.
* * * LOW HITPOINT WARNING * * *
The ball python constricts you.
* * * LOW HITPOINT WARNING * * *
The hobgoblin hits you.
* * * LOW HITPOINT WARNING * * *
The ball python's grasp on you weakens, but your attempt to escape fails.
Your transformation is almost over.
The ball python bites you.
You die...

....######## ######
...........######....#
...............#....#
...)..........#....#
##............#....#
#.#.#####..........#
.####.................##
......S.....###...###...
###.g@.#..#G#...#G#...
?.....#..#..###...###...
..... #..#..............
.... #..#......_.....##
... #..##.....).......
.. ......###...###... .
#.....#G#...#G#...
......###...###..#
).........#


You could see a hobgoblin and a ball python.

Vanquished Creatures
  A ball python (D:1)
  2 giant cockroaches (D:1)
  A goblin (D:1)
  A hobgoblin (D:1)
  A quokka (D:1)
  3 rats (D:1)
9 creatures vanquished.

Notes
Turn   | Place    | Note
-------+----------+-------------------------------------------
     0 | D:1      | vvl the Merfolk Transmuter began the quest for the Orb.
     0 | D:1      | Reached XP level 1. HP: 15/15 MP: 3/3
   166 | D:1      | Found a faded altar of an unknown god.
   166 | D:1      | Noticed a floating eye
   171 | D:1      | Noticed a golden eye
   208 | D:1      | Reached skill level 1 in Polearms
   208 | D:1      | Reached XP level 2. HP: 21/21 MP: 3/5
   274 | D:1      | Noticed a shining eye
   279 | D:1      | Noticed a shining eye
   314 | D:1      | HP: 1/21 [hobgoblin (2)]
   315 | D:1      | Slain by a ball python

Illustrated notes

Levels and vault maps discovered:
D:1:      pf_arrival_petrified_forest, layout_basic,
          hellmonk_ecumenical_altar_watching_god, minmay_misc_feat_alley,
          nrook_mini_vaults, corexii_item_surrounded_by_moat

Skill      XL: |  1 |
---------------+----+-----
Polearms       | 1 |  1.2
Transmutations | 3 |  3.1
Fighting       | |  1.3
Dodging        | |  2.8
Unarmed Combat | |  3.3
Spellcasting   | |  2.0

Action                   || total
-------------------------++-------
Melee: Unarmed           ||    34
       Headbutt          ||     2
 Cast: Beastly Appendage ||    12
Armor: Robe              ||     7
Dodge: Dodged            ||    27
